 Dungeon Crawl Stone Soup version 0.28-a0-1080-g05a166d0ed (webtiles) character file.

Game seed: 13639380936256749316

46250 garrulousMonolith the Severer (level 14, -9/129 HPs)
             Began as a Hill Orc Monk on Dec 10, 2021.
             Was the Champion of Beogh.
             Mangled by a spriggan (11 damage)
             ... on level 6 of the Lair of Beasts.
             The game lasted 00:32:16 (20764 turns).

garrulousMonolith the Severer (Hill Orc Monk)      Turns: 20764, Time: 00:32:16

Health: -9/129     AC: 20    Str: 19    XL:     14   Next: 36%
Magic:  22/24      EV:  7    Int: 15    God:    Beogh [******]
Gold:   1208       SH:  8    Dex: 13    Spells: 13/13 levels left

rFire   + . .      SeeInvis .   P - +1 war axe (freeze)
rCold   . . .      Faith    +   Q - +2 buckler
rNeg    + . .      Spirit   .   M - +0 plate armour
rPois   .          Reflect  .   d - +0 helmet
rElec   .          Harm     .   f - +2 cloak
rCorr   .          Rampage  .   (no gloves)
Will    ++...                   (no boots)
Stlth   ..........              o - amulet of faith
HPRegen 0.31/turn               S - ring of Luzes {rF+ rN+ Int+5 Slay+2}
MPRegen 0.19/turn               t - ring of willpower

@: no status effects
A: walk on water
a: Renounce Religion, Smiting, Recall Orcish Followers, Give Item to Named
Follower, Resurrection


You were on level 6 of the Lair of Beasts.
You worshipped Beogh.
Beogh was exalted by your worship.
You visited 2 branches of the dungeon, and saw 17 of its levels.
You also visited: Gauntlet.

You collected 1208 gold pieces.

Inventory:

Hand Weapons
 s - a +0 morningstar
 F - a +1 trident of venom
 I - a +3 scimitar of flaming
 P - a +1 war axe of freezing (weapon)
Missiles
 O - 4 throwing nets
 T - 35 poisoned darts (quivered)
 X - 3 silver javelins
Armour
 d - a +0 helmet (worn)
 f - a +2 cloak (worn)
 M - a +0 plate armour (worn)
 Q - a +2 buckler (worn)
Magical Staves
 A - a staff of poison
Jewellery
 b - a +6 ring of dexterity
 o - an amulet of faith (around neck)
 t - a ring of willpower (right hand)
 G - a ring of protection from fire
 S - the ring of Luzes (left hand) {rF+ rN+ Int+5 Slay+2}
   (You found it in a Gauntlet)

   [ring of protection from fire]

   Int:       It affects your intelligence (+5).
   Slay:      It affects your accuracy & damage with ranged weapons and melee
   (+2).
   rF:        It protects you from fire.
   rN:        It protects you from negative energy.
 Y - a +4 ring of protection
Wands
 v - a wand of polymorph (3)
 w - a wand of mindburst (2)
 x - a wand of iceblast (18)
 y - a wand of flame (37)
 C - a wand of acid (8)
 L - a wand of paralysis (11)
 Z - a wand of digging (5)
Scrolls
 e - 4 scrolls of amnesia
 h - a scroll of torment {unknown}
 i - 2 scrolls of magic mapping
 k - 2 scrolls of holy word
 l - a scroll of acquirement {unknown}
 q - a scroll of summoning
 r - a scroll of silence
 u - 5 scrolls of fog
 B - 4 scrolls of teleportation
 D - a scroll of fear
 J - a scroll of enchant armour
 K - 2 scrolls of immolation
 N - a scroll of brand weapon {unknown}
 W - a scroll of blinking {unknown}
Potions
 a - 3 potions of might
 c - 3 potions of flight
 g - 4 potions of brilliance
 j - 2 potions of cancellation
 m - 4 potions of lignification
 n - 9 potions of ambrosia
 p - 2 potions of curing
 E - a potion of attraction
 H - 3 potions of haste
 U - a potion of invisibility
 V - 3 potions of resistance
Miscellaneous
 R - a phial of floods (inert)


   Skills:
 + Level 13.3 Fighting
 - Level 18.0 Axes
 + Level 11.8 Armour
 - Level 2.4 Dodging
 - Level 1.5 Stealth
 + Level 9.9 Shields
 + Level 13.9 Invocations


You had 13 spell levels left.
You didn't know any spells.
Your spell library contained the following spells:

 Spells                   Type           Power      Damage    Failure   Level
 Magic Dart               Conj           0%         1d3       99%         1
 Summon Small Mammal      Summ           0%         N/A       99%         1
 Call Imp                 Summ           0%         N/A       100%        2
 Call Canine Familiar     Summ           0%         N/A       100%        3
 Frozen Ramparts          Ice            0%         1d2       100%        3
 Gell's Gravitas          Tloc           0%         N/A       100%        3
 Mephitic Cloud           Conj/Pois/Air  0%         N/A       100%        3
 Summon Guardian Golem    Hex/Summ       0%         N/A       100%        3
 Teleport Other           Tloc           0%         N/A       100%        3
 Airstrike                Air            0%         N/A       100%        4
 Ice Form                 Ice/Tmut       0%         N/A       100%        4
 Leda's Liquefaction      Hex/Erth       0%         N/A       100%        4
 Petrify                  Tmut/Erth      0%         N/A       100%        4
 Summon Ice Beast         Ice/Summ       0%         N/A       100%        4
 Summon Lightning Spire   Summ/Air       0%         N/A       100%        4
 Alistair's Intoxication  Tmut/Pois      0%         N/A       100%        5
 Borgnjor's Vile Clutch   Necr/Erth      0%         N/A       100%        5
 Lightning Bolt           Conj/Air       0%         1d11      100%        5
 Dispersal                Tloc           0%         N/A       100%        6
 Eringya's Noxious Bog    Tmut/Pois      0%         N/A       100%        6
 Iron Shot                Conj/Erth      0%         9d1       100%        6


Dungeon Overview and Level Annotations

Branches:
Dungeon (11/15)            Temple (0/1) D:6            Lair (6/6) D:9
  Swamp (0/4) Lair:4       Spider (0/4) Lair:2        Slime (0/5) Lair:5
    Orc (0/2) D:11        Gauntlet (visited)

Altars:
Fedhas
Qazlal
Uskayaw
Beogh

Annotations:
D:4 3 runed translucent doors, voltaire321's ghost, amateur DECj
Lair:1 2 transporters, Mootru's ghost, journeyman PaFi


Message History

Your sixfirhy shocks the spriggan rider!
The spriggan rider barely misses you.
Your smoke demon gestures at the spriggan rider.
The spriggan rider is smitten.
You feel better.
The spriggan rider blocks your sixfirhy's attack. x2
Your sixfirhy misses the spriggan rider.
The spriggan hits you with a +0 rapier!
* * * LOW HITPOINT WARNING * * *
The spriggan rider blocks your sixfirhy's attack.
The spriggan rider misses your sixfirhy.
You hit the spriggan. You freeze the spriggan.
The spriggan is heavily wounded.
The spriggan rider is no longer waterlogged.
The spriggan rider blocks your sixfirhy's attack.
The spriggan hits you with a +0 rapier.
* * * LOW HITPOINT WARNING * * *
The spriggan rider hits your sixfirhy with a +0 spear!
You barely miss the spriggan.
The spriggan is heavily wounded.
Murdo roars a battlecry!
Your orcs go into a battle-frenzy!
Your smoke demon gestures at the spriggan rider.
The spriggan rider is smitten.
The spriggan dies!
Beogh accepts your kill. The spriggan hits you with a +0 rapier.
* * * LOW HITPOINT WARNING * * *
Urtork looks satisfied for a moment.
You closely miss the spriggan.
The spriggan is heavily wounded.
Your smoke demon gestures at the hornet.
The hornet is smitten.
The hornet dies!
Beogh accepts your kill.
Your plate armour prevents you from hitting the spriggan.
The spriggan is heavily wounded.
Your orange demon disappears in a puff of smoke!
The spriggan hits you with a +0 rapier!
You die...

...... .....♣ ...## ♣
..#♣ (.♣♣ ♣♣♣ ....♣ #
.....♣ !...♣ ♣)i♣♣♣♣
♣3@o3♣♣ ♣ ♣♣♣oo4♣♣ ♣.
♣♣44.♣♣ ♣♣♣.. ♣.♣ ♣♣♣♣
♣♣♣3o♣....♣ ♣..♣ ♣♣♣..♣♣
♣.♣♣4o..♣
...♣♣♣♣o...)♣♣♣♣♣4o..♣♣♣♣
♣.♣.o..♣♣♣♣.)♣♣..o3.3♣
♣♣.3♣♣♣♣ ♣♣†)...43..♣
♣♣♣o.♣♣ ♣♣♣..†)..♣♣♣♣


You could see a spriggan (ally target), the friendly Murdo the orc knight, a
friendly orc high priest (strong), a friendly sun demon (summoned), a friendly
hellwing (summoned), 2 friendly rust devils, a friendly sixfirhy (summoned), a
friendly smoke demon (summoned), a friendly chaos spawn (summoned), a friendly
orc sorcerer (strong), the friendly Margrim the orc sorcerer (strong) and the
friendly Urtork the orc priest (strong).

Vanquished Creatures
  A hydra (Lair:2)
  Erica (D:9)
  2 two-headed ogres
  Pikel (D:5)
  2 ugly things
  An oklob plant (Lair:2)
  A cyclops (D:11)
  6 elephants
  6 cane toads
  A rust devil (Gauntlet)
  2 black mambas
  Psyche (D:9)
  2 rime drakes (Lair:3)
  5 komodo dragons
  5 hornets
  A tyrant leech (Lair:4)
  Prince Ribbit (D:6)
  7 dream sheep (Lair:5)
  3 blink frogs
  A spriggan (Lair:6)
  A shadow (D:11)
  19 yaks
  A ynoxinul (Gauntlet)
  Eustachio (D:6)
  A basilisk (Lair:5)
  A wyvern (D:9)
  A vampire mosquito (D:11)
  A steam dragon (D:8)
  9 water moccasins
  4 orc warriors
  A sky beast (D:6)
  3 ice beasts
  6 black bears
  A necrophage (D:6)
  26 wolves
  3 boggarts (Lair:6)
  4 centaurs
  A kobold brigand (D:10)
  Blork the orc (D:4)
  7 bullfrogs
  2 gnoll sergeants (D:7)
  A scorpion (D:4)
  A water moccasin skeleton (D:4)
  20 killer bees
  3 electric eels (Lair:3)
  A howler monkey (D:9)
  2 bullfrog zombies
  A centaur zombie (D:7)
  2 hounds
  An orc priest (D:6)
  A jelly (D:5)
  2 bullfrog skeletons
  2 gnoll shamans (D:6)
  2 iron imps (Gauntlet)
  Natasha (D:4)
  6 iguanas
  7 orc wizards
  2 hound skeletons
  A howler monkey zombie (D:6)
  Robin (D:2)
  15 gnolls
  7 adders
  2 howler monkey skeletons
  A white imp (D:6)
  3 ufetubi
  An adder skeleton (D:5)
  3 worms
  3 dart slugs
  12 orcs
  6 ball pythons
  4 endoplasms
  4 giant cockroaches
  10 goblins
  9 hobgoblins
  6 jackals
  3 quokkas
  4 bats
  3 frilled lizards
  13 kobolds
  4 rats
  A butterfly (Lair:3)
315 creatures vanquished.

Vanquished Creatures (collateral kills)
  A minotaur (Gauntlet)
  8 hydras
  Harold (Lair:2)
  A great orb of eyes (Gauntlet)
  2 two-headed ogres
  6 death yaks (Lair:3)
  An oklob plant (Lair:5)
  A cyclops (D:11)
  3 elephants
  A torpor snail (Lair:5)
  10 cane toads
  A komodo dragon (Lair:5)
  A queen bee (Lair:3)
  A polar bear (Lair:6)
  A tyrant leech (Lair:4)
  9 blink frogs
  6 hornets
  3 dream sheep (Lair:5)
  5 spriggans (Lair:6)
  2 wyverns
  A wraith (D:11)
  17 yaks
  4 basilisks
  2 vampire mosquitoes (D:11)
  A swamp worm (Lair:4)
  5 water moccasins
  An orc warrior (D:11)
  A black bear (Lair:6)
  A centaur (D:9)
  17 wolves
  A kobold brigand (D:9)
  4 bullfrogs
  A gnoll sergeant (D:8)
  8 killer bees (Lair:3)
  2 howler monkeys (D:9)
  3 orc priests
  An orc wizard (D:11)
  A killer bee zombie (D:7)
  3 gnolls (D:7)
  5 orcs
  4 kobolds
  A butterfly (Lair:3)
148 creatures vanquished.

Vanquished Creatures (others)
  2 orc knights
  3 orc priests
  3 orc wizards
  15 orcs
  An endoplasm (D:3)
  A kobold (D:3)
  19 demonic plants (Gauntlet)
  45 fungi
  71 plants
160 creatures vanquished.

Grand Total: 623 creatures vanquished

Notes
Turn   | Place    | Note
-------+----------+-------------------------------------------
     0 | D:1      | garrulousMonolith the Hill Orc Monk began the quest for the
                  | Orb.
     0 | D:1      | Reached XP level 1. HP: 19/19 MP: 1/1
   359 | D:1      | Reached XP level 2. HP: 16/27 MP: 2/2
   496 | D:1      | Reached skill level 1 in Invocations
   550 | D:1      | Reached skill level 1 in Armour
   600 | D:1      | Reached XP level 3. HP: 8/33 MP: 3/3
  1538 | D:2      | Reached skill level 5 in Axes
  1560 | D:2      | Reached XP level 4. HP: 28/40 MP: 5/5
  1862 | D:2      | Found a faded altar of an unknown god.
  2150 | D:2      | Noticed Robin
  2188 | D:2      | Killed Robin
  2426 | D:3      | Reached XP level 5. HP: 47/47 MP: 6/6
  2514 | D:3      | Became a worshipper of Beogh the Brigand
  2514 | D:3      | Reached * piety under Beogh
  2514 | D:3      | Reached ** piety under Beogh
  3135 | D:4      | Noticed a black bear
  3146 | D:4      | Killed a black bear
  3147 | D:4      | Reached skill level 6 in Axes
  3147 | D:4      | Reached XP level 6. HP: 12/53 MP: 3/8
  3525 | D:4      | Reached skill level 5 in Fighting
  3598 | D:4      | Noticed Blork the orc
  3621 | D:4      | Killed Blork the orc
  3622 | D:4      | Reached skill level 7 in Axes
  3622 | D:4      | Reached XP level 7. HP: 40/61 MP: 9/9
  3656 | D:4      | Noticed voltaire321's ghost (amateur DECj)
  3657 | D:4      | Found a runed translucent gate.
  3657 | D:4      | Found a runed translucent gate.
  3657 | D:4      | Found a runed translucent gate.
  3659 | D:4      | Identified the +0 ring mail of Daisies {rF- rC+ rCorr}
  3685 | D:4      | Noticed Natasha
  3691 | D:4      | Killed Natasha
  3713 | D:4      | Found a roughly hewn altar of Beogh.
  3779 | D:5      | Entered Level 5 of the Dungeon
  4049 | D:5      | Reached skill level 8 in Axes
  4455 | D:5      | Reached skill level 5 in Invocations
  4455 | D:5      | Reached XP level 8. HP: 52/70 MP: 11/11
  4581 | D:5      | Noticed Pikel
  4596 | D:5      | Killed Pikel
  4597 | D:5      | Reached skill level 9 in Axes
  5126 | D:6      | Noticed Eustachio
  5132 | D:6      | Killed Eustachio
  5133 | D:6      | Reached skill level 5 in Armour
  5142 | D:6      | Reached skill level 10 in Axes
  5142 | D:6      | Reached XP level 9. HP: 75/79 MP: 13/13
  5482 | D:6      | Reached *** piety under Beogh
  5588 | D:6      | Noticed Prince Ribbit
  5610 | D:6      | Killed Prince Ribbit
  5611 | D:6      | Reached skill level 11 in Axes
  5681 | D:6      | Found a staircase to the Ecumenical Temple.
  6744 | D:7      | Reached skill level 1 in Shields
  7035 | D:8      | Reached **** piety under Beogh
  7036 | D:8      | Reached XP level 10. HP: 85/88 MP: 15/15
  7095 | D:8      | Reached skill level 12 in Axes
  7876 | D:9      | Noticed a two-headed ogre
  7885 | D:9      | Killed a two-headed ogre
  7968 | D:9      | Found a hide-covered altar of Uskayaw.
  7968 | D:9      | Found a stormy altar of Qazlal.
  7968 | D:9      | Found a blossoming altar of Fedhas.
  8257 | D:9      | Noticed Erica
  8269 | D:9      | Killed Erica
  8493 | D:9      | Found a staircase to the Lair.
  8644 | D:9      | Noticed Psyche
  8650 | D:9      | Killed Psyche
  8775 | D:10     | Entered Level 10 of the Dungeon
  8782 | D:10     | Reached skill level 13 in Axes
  8840 | D:10     | Paralysed by a hornet for 1 turns
  8886 | D:10     | Noticed a two-headed ogre
  8895 | D:10     | Killed a two-headed ogre
  8896 | D:10     | Reached XP level 11. HP: 86/97 MP: 16/18
  9441 | D:11     | Noticed a two-headed ogre
  9448 | D:11     | Killed a two-headed ogre
  9554 | D:11     | Reached skill level 14 in Axes
  9554 | D:11     | Noticed a cyclops
  9559 | D:11     | Gained Koronagh as an ally
  9561 | D:11     | Killed a cyclops
  9659 | D:11     | Noticed a two-headed ogre
  9668 | D:11     | Killed a two-headed ogre
  9787 | D:11     | Noticed a cyclops
  9793 | D:11     | Killed a cyclops
 10133 | D:11     | Noticed a brown ugly thing
 10140 | D:11     | Killed a brown ugly thing
 10141 | D:11     | Reached skill level 5 in Shields
 10141 | D:11     | Reached skill level 10 in Invocations
 10380 | D:11     | Found a staircase to the Orcish Mines.
 10612 | Lair:1   | Entered Level 1 of the Lair of Beasts
 10627 | Lair:1   | Reached skill level 10 in Fighting
 10633 | Lair:1   | Reached ***** piety under Beogh
 10634 | Lair:1   | Your ally Koronagh died
 10885 | Lair:1   | Reached skill level 15 in Axes
 11041 | Lair:1   | Got the Disquisition on Ashen Execration
 11048 | Lair:1   | Noticed a seven-headed hydra
 11058 | Lair:1   | Killed a four-headed hydra
 11062 | Lair:1   | Reached XP level 12. HP: 26/107 MP: 19/19
 11289 | Lair:1   | Noticed a five-headed hydra
 11295 | Lair:1   | Killed a two-headed hydra
 11314 | Lair:1   | Identified the +5 ring mail of Vehumet's Condemnation
                  | {*Corrode rF+ Str+4}
 11413 | Lair:1   | Noticed Mootru's ghost (journeyman PaFi)
 11517 | Lair:1   | Found a transporter.
 11522 | Lair:1   | Found a transporter.
 12200 | Lair:2   | Noticed a five-headed hydra
 12208 | Lair:2   | Killed a three-headed hydra
 12209 | Lair:2   | Reached skill level 16 in Axes
 12456 | Lair:2   | Noticed a five-headed hydra
 12462 | Lair:2   | Killed a one-headed hydra
 12524 | Lair:2   | Noticed a six-headed hydra
 12532 | Lair:2   | Killed a three-headed hydra
 12555 | Lair:2   | Found a hole to the Spider Nest.
 12729 | Lair:2   | Noticed Harold
 12733 | Lair:2   | Paralysed by Harold for 7 turns
 12741 | Lair:2   | Killed Harold
 14295 | Lair:3   | Reached skill level 10 in Armour
 14295 | Lair:3   | Reached XP level 13. HP: 84/116 MP: 21/21
 14300 | Lair:3   | Gained Margrim as an ally
 14307 | Lair:3   | Reached skill level 17 in Axes
 14316 | Lair:3   | Gained Murdo as an ally
 14330 | Lair:3   | Reached ****** piety under Beogh
 16023 | Lair:4   | Found a gate leading to a gauntlet.
 16035 | Gauntlet | Entered a Gauntlet
 16035 | Gauntlet | Found a transporter.
 16073 | Gauntlet | Found a transporter.
 16088 | Gauntlet | Found a transporter.
 16093 | Gauntlet | Found a transporter.
 16106 | Gauntlet | Noticed a great orb of eyes
 16108 | Gauntlet | Found a transporter.
 16127 | Gauntlet | Found a transporter.
 16135 | Gauntlet | Found a large runed translucent door.
 16136 | Gauntlet | Found a large runed translucent door.
 16137 | Gauntlet | Found a large runed translucent door.
 16137 | Gauntlet | Found a large runed translucent door.
 16138 | Gauntlet | Found a runed translucent gate.
 16139 | Gauntlet | Found a transporter.
 16139 | Gauntlet | Found a runed translucent gate.
 16140 | Gauntlet | Found a runed translucent gate.
 16141 | Gauntlet | Found a large runed translucent door.
 16141 | Gauntlet | Found a large runed translucent door.
 16142 | Gauntlet | Found a large runed translucent door.
 16143 | Gauntlet | Found a large runed translucent door.
 16151 | Gauntlet | Found a transporter.
 16153 | Gauntlet | Found a large runed translucent door.
 16153 | Gauntlet | Found a large runed translucent door.
 16153 | Gauntlet | Found a runed translucent door.
 16153 | Gauntlet | Found a runed translucent door.
 16154 | Gauntlet | Found a large runed translucent door.
 16155 | Gauntlet | Found a large runed translucent door.
 16157 | Gauntlet | Found a transporter.
 16172 | Gauntlet | Found a transporter.
 16187 | Gauntlet | Found a transporter.
 16201 | Gauntlet | Found a transporter.
 16219 | Gauntlet | Found a transporter.
 16221 | Gauntlet | Found a transporter.
 16248 | Gauntlet | Found a transporter.
 16248 | Gauntlet | Found a transporter.
 16268 | Gauntlet | Found a transporter.
 16342 | Gauntlet | Found a large runed translucent door.
 16342 | Gauntlet | Found a large runed translucent door.
 16343 | Gauntlet | Found a large runed translucent door.
 16344 | Gauntlet | Found a large runed translucent door.
 16388 | Gauntlet | Found a transporter.
 16568 | Gauntlet | Paralysed by a hornet for 1 turns
 16873 | Gauntlet | Killed a great orb of eyes
 16896 | Gauntlet | Identified the ring of Luzes {rF+ rN+ Int+5 Slay+2}
 16910 | Gauntlet | Noticed a minotaur
 16917 | Gauntlet | Killed a minotaur
 17364 | Lair:4   | Found a staircase to the Swamp.
 17529 | Lair:4   | Reached skill level 18 in Axes
 18901 | Lair:5   | Reached XP level 14. HP: 104/127 MP: 23/23
 19206 | Lair:5   | Found a staircase to the Slime Pits.
 20152 | Lair:6   | Entered Level 6 of the Lair of Beasts
 20586 | Lair:6   | Gained Urtork as an ally
 20750 | Lair:6   | Paralysed by a hornet for 1 turns
 20761 | Lair:6   | HP: 6/129 [spriggan (2)]
 20762 | Lair:6   | HP: 2/129 [spriggan (4)]
 20764 | Lair:6   | Mangled by a spriggan

Illustrated notes

Levels and vault maps discovered:
D:1:      psy_arrival_basics, layout_loops_ring
D:2:      layout_basic, serial_forest, infiniplex_forest_clump_small,
          infiniplex_forest_clump_curved, infiniplex_forest_straight_2,
          infiniplex_forest_lined_3, infiniplex_forest_fountain,
          ebering_ecumenical_altar_webs, uniq_robin
D:3:      layout_loops_ring, minmay_misc_feat_room
D:4:      layout_gridville, biasface_ghost_orc_armoury, uniq_natasha,
          uniq_blork_the_orc
D:5:      layout_layer_cave, uniq_pikel
D:6:      minmay_chambers_of_fours, layout_cave_pools,
          minmay_temple_entry_antechambers, uniq_prince_ribbit1, uniq_eustachio
D:7:      layout_basic, kennysheep_generic_room_14
D:8:      layout_gridville, minmay_misc_feat_rugged
D:9:      layout_irregular_city, gammafunk_temple_overflow_forgotten,
          lair_entry_dummy, uniq_psyche, uniq_erica
D:10:     layout_irregular_city
D:11:     layout_basic, david_orc_4
Lair:1:   layout_regular_city, gammafunk_ghost_hive, grunt_megastairs_5
Lair:2:   layout_cave_pods, dummy_spider_entry, minmay_lair_oklob_items,
          uniq_harold
Lair:3:   layout_long_grid, special_room [special_room_bee],
          grunt_forest_large_clearings, serial_bayou_shore_a,
          lemuel_fruit_fields, infiniplex_staircase_pool
Lair:4:   layout_gridlike, minmay_swamp_entry_worms, gauntlet_entry_generic,
          lemuel_fruit_tree
Lair:5:   layout_roguey, minmay_slime_entry_oklob_open
Lair:6:   minmay_lair_end_enchanted_forest, layout_misc_corridors

Skill      XL: |  1  2  3  4  5  6  7  8  9 10 11 12 13 14 |
---------------+-------------------------------------------+-----
Invocations    | 1 2 3 5 6 7 9 10 11 13 | 13.9
Armour         | 1 2 3 4 5 6 7 8 10 11 | 11.8
Fighting       | 4 5 7 8 9 10 11 12 13 | 13.3
Axes           | 5 6 7 8 10 11 13 15 16 18 | 18.0
Shields        | 1 4 5 7 9 |  9.9
Dodging        | |  2.4
Stealth        | |  1.5

Action                   |  1- 3 |  4- 6 |  7- 9 | 10-12 | 13-15 || total
-------------------------+-------+-------+-------+-------+-------++-------
Melee: Hand axe          |   132 |   134 |       |       |       ||   266
       War axe           |       |    74 |   240 |   303 |   343 ||   960
       Scimitar          |       |       |       |    29 |    14 ||    43
Invok: Smiting           |       |     1 |       |     3 |     5 ||     9
       Convert to Beogh  |       |     1 |       |       |       ||     1
       Recall Orcish Fol |       |       |       |     4 |     3 ||     7
       Stop Recall       |       |       |       |     3 |     2 ||     5
       Give Item to Name |       |       |       |       |     1 ||     1
Evoke: Wand              |       |       |     4 |     8 |       ||    12
       Phial of floods   |       |       |       |       |     1 ||     1
  Use: Scroll            |       |     2 |     3 |    11 |     8 ||    24
       Potion            |       |     2 |       |     2 |     5 ||     9
 Stab: Sleeping          |     4 |     2 |       |       |       ||     6
       Distracted        |       |       |     2 |     3 |     2 ||     7
       Paralysed         |       |       |       |     4 |     4 ||     8
Armor: Robe              |    29 |       |       |       |       ||    29
       Leather armour    |       |    32 |       |       |       ||    32
       Ring mail         |       |    47 |    25 |       |       ||    72
       Chain mail        |       |       |   105 |       |       ||   105
       Plate armour      |       |       |       |   205 |   175 ||   380
Dodge: Dodged            |    76 |   146 |   112 |   106 |    97 ||   537
Block: Buckler           |       |       |     4 |   114 |   125 ||   243

Table legend: (Time is in decaauts)
 A = Elapsed time spent in this place.
 B = Non-inter-level travel time spent in this place.
 C = Inter-level travel time spent in this place.
 D = Time resting spent in this place.
 E = Time spent auto-exploring this place.
 F = Levels seen in this place.
 G = Mean time per level.
                   A        B        C        D        E       F      G
               +--------+--------+--------+--------+--------+-----+--------+
         Total |  20664 |  20050 |    614 |   4765 |  12045 |  18 | 1148.0 |
       Dungeon |  10629 |  10179 |    450 |   1438 |   6955 |  11 |  966.3 |
          Lair |   8743 |   8579 |    164 |   2673 |   4762 |   6 | 1457.2 |
      Gauntlet |   1291 |   1291 |      0 |    654 |    328 |   1 | 1291.0 |
               +--------+--------+--------+--------+--------+-----+--------+

Top non-repeatable levels by time:
  Lair:3: 2213 daAuts
  Lair:2: 1900 daAuts
  Lair:5: 1465 daAuts
  Lair:4: 1377 daAuts
     D:1: 1354 daAuts
     D:5: 1354 daAuts
Gauntlet: 1291 daAuts
  Lair:1: 1208 daAuts
     D:7: 1161 daAuts
    D:11: 1073 daAuts
     D:2: 1068 daAuts
     D:9: 996 daAuts
     D:8: 860 daAuts
     D:4: 780 daAuts
     D:6: 709 daAuts
